 Dungeon Crawl Stone Soup version 0.27-a0-1312-g5cdb2b3542 (webtiles) character file.

Game seed: 6250825124778454973

366 dickylongcocking the Insei (level 6, -3/47 HPs)
             Began as a Draconian Transmuter on June 20, 2021.
             Slain by an ogre (24 damage)
             ... on level 4 of the Dungeon.
             The game lasted 00:02:20 (4188 turns).

dickylongcocking the Insei (Draconian Transmuter)   Turns: 4188, Time: 00:02:21

Health: -3/47      AC:  6    Str: 12    XL:     6   Next: 40%
Magic:  9/9        EV: 12    Int: 15    God:
Gold:   159        SH:  0    Dex: 12    Spells: 8/9 levels left

rFire    + . .     SeeInvis .     - Unarmed
rCold    + . .     Faith    .   (no shield)
rNeg     . . .     Spirit   .   (armour unavailable)
rPois    +         Reflect  .   (helmet restricted)
rElec    +         Harm     .   (no cloak)
rCorr    +         Rampage  .   (no gloves)
Will     .....                  (no boots)
Stlth    +.........             (no amulet)
HPRegen  0.15/turn              (no ring)
MPRegen  0.11/turn              (no ring)

@: resistant, attractive, hasted, very quick
A: AC +6, unfitting armour, cold-blooded
a: no special abilities


You were on level 4 of the Dungeon.
You visited 1 branch of the dungeon, and saw 4 of its levels.

You collected 159 gold pieces.

Inventory:

Wands
 b - a wand of paralysis (2)
 g - a wand of digging (4)
Scrolls
 c - a scroll of blinking {unknown}
 h - 2 scrolls of identify {unknown}
 i - a scroll of enchant weapon {unknown}
Potions
 a - a potion of attraction
 d - a potion of ambrosia {unknown}


   Skills:
 - Level 1.1 Fighting
 - Level 1.7 Dodging
 * Level 7.3 Unarmed Combat
 - Level 2.0 Spellcasting
 - Level 2.0 Transmutations


You had 8 spell levels left.
You knew the following spells:

 Your Spells              Type           Power      Damage    Failure   Level
a - Beastly Appendage     Tmut           14%        N/A       10%         1

Your spell library contained the following spells:

 Spells                   Type           Power      Damage    Failure   Level
 Wereblood                Tmut           7%         N/A       14%         2
 Animate Skeleton         Necr           2%         N/A       22%         1
 Apportation              Tloc           2%         N/A       22%         1
 Corona                   Hex            1%         N/A       22%         1
 Summon Small Mammal      Summ           4%         N/A       22%         1
 Spider Form              Tmut/Pois      2%         N/A       41%         3
 Ice Form                 Ice/Tmut       4%         N/A       82%         4


Dungeon Overview and Level Annotations

Branches:
Dungeon (4/15)
 Temple: D:4-7

Altars:


Innate Abilities, Weirdness & Mutations

Your plain brown scales are hard. (AC +6)
You cannot fit into any form of body armour.
You are cold-blooded and may be slowed by cold attacks.


Message History

A goblin is nearby!
You punch the goblin!
You kill the goblin!
Found 10 gold pieces.
h - 2 scrolls labelled NITSUOBR CESKIWA (gained 1)
You see here a +0 club.
No target in view!
You now have 159 gold pieces (gained 10).
i - a scroll labelled ROAVYKIBREM No target in view!
An ogre comes into view. It is wielding a +0 giant club.
An ogre is nearby!
An ogre is nearby!
An ogre is nearby!
The ogre hits you with a +0 giant club.
You punch the ogre!
The ogre is moderately wounded.
The ogre closely misses you.
Unknown command.
You hit the ogre.
The ogre is heavily wounded.
You closely miss the ogre.
Your tail-slap misses the ogre.
The ogre is heavily wounded.
The ogre hits you with a +0 giant club!!
Ouch! That really hurt!
You hit the ogre.
The ogre is heavily wounded.
The ogre misses you.
Unknown command.
Okay, then.
Okay, then.
It was a potion of attraction.
You feel attractive to monsters.
It was a potion of haste.
You feel yourself speed up. The ogre misses you.
Okay, then.
It was a potion of resistance.
You feel protected.
The ogre hits you with a +0 giant club!!
Ouch! That really hurt!
You die...

#
..#..#.............#†.##.#
..##.......................
.............##..........
......#..................
............#............
.........#..#............
............#.........###
#.......O.........###....
###.###..@........####....
.. #.#...........#...... #.
#....................
...##.#....................
............##.............
...........###.............
...........##..............
...........#..............#
##....##..................#


You could see an ogre.

Vanquished Creatures
  A water moccasin skeleton (D:4)
  2 orc priests (D:3)
  A hound (D:4)
  Ijyb (D:3)
  Natasha (D:2)
  An orc wizard (D:3)
  A hound skeleton (D:3)
  6 adders
  4 dart slugs
  14 orcs
  3 ball pythons
  A bat (D:2)
  5 endoplasms
  3 giant cockroaches
  7 hobgoblins
  2 jackals (D:2)
  2 quokkas
  6 frilled lizards
  9 goblins
  2 kobolds
  2 rats (D:2)
74 creatures vanquished.

Notes
Turn   | Place    | Note
-------+----------+-------------------------------------------
     0 | D:1      | dickylongcocking the Draconian Transmuter began the quest
                  | for the Orb.
     0 | D:1      | Reached XP level 1. HP: 16/16 MP: 3/3
   137 | D:1      | Reached XP level 2. HP: 8/23 MP: 3/5
   537 | D:1      | Found a faded altar of an unknown god.
   836 | D:2      | Reached skill level 4 in Unarmed Combat
   862 | D:2      | Reached XP level 3. HP: 9/28 MP: 4/6
  1849 | D:2      | Noticed Natasha
  1859 | D:2      | Killed Natasha
  1860 | D:2      | Reached skill level 5 in Unarmed Combat
  1860 | D:2      | Reached XP level 4. HP: 22/35 MP: 5/7
  2337 | D:3      | Reached XP level 5. HP: 20/40 MP: 8/8
  2340 | D:3      | Reached skill level 6 in Unarmed Combat
  2650 | D:3      | Noticed Ijyb
  2651 | D:3      | Paralysed by Ijyb for 6 turns
  2662 | D:3      | Killed Ijyb
  3572 | D:4      | Reached XP level 6. HP: 37/47 MP: 6/9
  3725 | D:4      | Reached skill level 7 in Unarmed Combat
  4188 | D:4      | Slain by an ogre

Illustrated notes

Levels and vault maps discovered:
D:1:      lemuel_arrival_muddy, layout_rooms, dilly_ecumenical_altar_fadedgnrine
D:2:      layout_rooms, minmay_pentomino_o4, uniq_natasha
D:3:      layout_basic, hangedman_decor_push, kennysheep_nondescript, uniq_ijyb
D:4:      layout_layer_cave

Skill      XL: |  1  2  3  4  5  6 |
---------------+-------------------+-----
Unarmed Combat | 4 5 6 7 |  7.3
Fighting       | |  1.1
Dodging        | |  1.7
Spellcasting   | |  2.0
Transmutations | |  2.0

Action                   |  1- 3 |  4- 6 || total
-------------------------+-------+-------++-------
Melee: Unarmed           |   141 |   109 ||   250
       Tailslap          |     9 |     9 ||    18
       Kick              |     2 |    11 ||    13
       Headbutt          |     1 |     5 ||     6
       Punch             |     3 |       ||     3
 Cast: Beastly Appendage |     3 |    15 ||    18
  Use: Potion            |     1 |     5 ||     6
 Stab: Sleeping          |     1 |     1 ||     2
Armor: Skin              |    42 |    20 ||    62
Dodge: Dodged            |   103 |    55 ||   158

Table legend: (Time is in decaauts)
 A = Elapsed time spent in this place.
 B = Non-inter-level travel time spent in this place.
 C = Inter-level travel time spent in this place.
 D = Time resting spent in this place.
 E = Time spent auto-exploring this place.
 F = Levels seen in this place.
 G = Mean time per level.
                   A        B        C        D        E       F      G
               +--------+--------+--------+--------+--------+-----+--------+
         Total |   4203 |   4162 |     41 |   1054 |   2590 |   4 | 1050.8 |
       Dungeon |   4203 |   4162 |     41 |   1054 |   2590 |   4 | 1050.8 |
               +--------+--------+--------+--------+--------+-----+--------+

Top non-repeatable levels by time:
     D:3: 1403 daAuts
     D:2: 1275 daAuts
     D:1: 993 daAuts
     D:4: 530 daAuts
